 Dungeon Crawl Stone Soup version 0.22.1-6-g1668fe2c40 (webtiles) character file.

58 Kohma the Grave Robber (level 3, -1/40 HPs)
             Began as a Demonspawn Necromancer on Jan 28, 2019.
             Slain by Purgy (3 damage)
             ... in a sewer.
             The game lasted 00:07:17 (2701 turns).

Kohma the Grave Robber (Demonspawn Necromancer)     Turns: 2701, Time: 00:07:18

Health: -1/40      AC: 21    Str:  9    XL:     3   Next: 75%
Magic:  1/6        EV:  2    Int: 16    God:
Gold:   114        SH:  0    Dex: 13    Spells: 1/6 levels left

rFire    . . .     SeeInvis .   d - +0 dagger
rCold    . . .     Gourm    .   (no shield)
rNeg     + + +     Faith    .   (armour currently unavailable)
rPois    +         Spirit   .   (helmet currently unavailable)
rElec    .         Reflect  .   (cloak currently unavailable)
rCorr    .         Harm     .   (gloves currently unavailable)
MR       .....     NoTele   +   (boots currently unavailable)
Stlth    ++........             (no amulet)
HPRegen  0.13/turn              (no ring)
MPRegen  0.10/turn              (no ring)

@: tree-form, very slow
A: no striking features
a: no special abilities


You were in a sewer.
You were not hungry.
You were a tree.
You visited 1 branch of the dungeon, and saw 3 of its levels.
You also visited: Sewer.

You collected 114 gold pieces.

Inventory:

Hand Weapons
 d - a +0 dagger (weapon)
 m - a +0 hunting sling
Missiles
 b - 122 stones
 l - 3 poisoned javelins (quivered)
 s - 49 arrows
Armour
 a - a +0 robe (melded)
 p - a +2 helmet
 w - a +2 cloak (melded)
Wands
 e - a wand of disintegration (16)
Scrolls
 k - a scroll of teleportation
Potions
 f - a potion of agility {unknown}
 g - a potion of degeneration {unknown}
 h - a potion of curing {unknown}
 i - a potion of haste {unknown}
 j - a potion of lignification
 o - a potion of heal wounds {unknown}
 q - a potion of ambrosia {unknown}
 u - a potion of brilliance {unknown}
Comestibles
 c - 6 rations
 n - 4 chunks of flesh


   Skills:
 + Level 1.7 Fighting
 - Level 1.7 Dodging
 - Level 1.7 Stealth
 - Level 2.0 Spellcasting
 * Level 5.5 Necromancy


You had one spell level left.
You knew the following spells:

 Your Spells              Type           Power        Failure   Level  Hunger
a - Pain                  Necr           ###.         2%          1    #......
b - Animate Skeleton      Necr           N/A          2%          1    #......
c - Vampiric Draining     Necr           ###.......   6%          3    ###....

Your spell library contained the following spells:

 Spells                   Type           Power        Failure   Level  Hunger
 Regeneration             Chrm/Necr      ##........   21%         3    ###....
 Animate Dead             Necr           N/A          22%         4    #####..


Dungeon Overview and Level Annotations

Branches:
Dungeon (3/15)

Altars:
Dithmenos
Elyvilon
Gozag
Ru
Sif Muna
Vehumet

Annotations:
Sewer Purgy


Innate Abilities, Weirdness & Mutations

((You have a pair of small horns on your head.))
((When seriously injured, your bleeding wounds create armour. (AC +0)))


Message History

You closely miss Purgy.
Purgy is heavily wounded.
Purgy bites you but does no damage. Purgy claws you but does no damage. x2
You closely miss Purgy.
Purgy is heavily wounded.
Purgy bites you but does no damage. Purgy claws you.
* * * LOW HITPOINT WARNING * * *
Purgy claws you but does no damage.
You closely miss Purgy.
Purgy is heavily wounded.
Purgy bites you but does no damage. Purgy claws you but does no damage. x2
You barely miss Purgy.
Purgy is heavily wounded.
Purgy bites you.
* * * LOW HITPOINT WARNING * * *
Purgy claws you but does no damage. x2
You closely miss Purgy.
Purgy is moderately wounded.
Purgy bites you but does no damage. Purgy claws you.
You die...

≈≈≈≈≈≈ ≈≈≈≈≈≈≈
≈≈≈≈≈≈≈ ≈≈≈≈≈≈.##
# ≈≈≈≈≈≈≈.# #
≈≈≈≈≈≈≈.# #
≈≈≈≈≈≈≈≈#######! #
≈≈≈≈≈≈≈≈♣T≈.≈≈.. #
≈≈≈≈≈≈≈≈#######!
≈≈≈≈≈≈≈≈##
≈≈≈≈≈≈≈≈.#
≈≈≈≈≈≈≈≈##
≈≈≈≈≈≈≈≈≈#### #
#≈≈≈≈≈≈≈≈≈..##
####
#≈≈≈≈≈≈≈≈≈≈≈≈####
##.≈≈
##≈≈≈≈≈≈≈≈≈≈≈.≈.##
##.#≈≈


You could see Purgy.

Vanquished Creatures
  2 adders
  2 dart slugs (D:2)
  A leopard gecko (D:1)
  2 giant cockroaches
  2 goblins
  3 hobgoblins
  3 jackals (D:1)
  2 quokkas
  4 ball pythons
  3 bats (D:1)
  5 frilled lizards
  4 kobolds
  A rat (D:1)
34 creatures vanquished.

Vanquished Creatures (collateral kills)
  A frilled lizard (D:2)
  A rat (D:2)
2 creatures vanquished.

Grand Total: 36 creatures vanquished

Notes
Turn   | Place    | Note
-------+----------+-------------------------------------------
     0 | D:1      | Kohma the Demonspawn Necromancer began the quest for the
                  | Orb.
     0 | D:1      | Reached XP level 1. HP: 13/13 MP: 3/3
   332 | D:1      | Learned a level 1 spell: Animate Skeleton
   831 | D:1      | Gained mutation: When seriously injured, your bleeding
                  | wounds create armour. (AC +0) [demonic ancestry]
   831 | D:1      | Reached XP level 2. HP: 20/20 MP: 3/5
   888 | D:1      | Reached skill level 1 in Fighting
  1242 | D:2      | Found a shadowy altar of Dithmenos.
  1242 | D:2      | Found a sacrificial altar of Ru.
  1344 | D:2      | Found a radiant altar of Vehumet.
  1365 | D:2      | Reached skill level 5 in Necromancy
  1675 | D:2      | Found an opulent altar of Gozag.
  1803 | D:2      | Gained mutation: You have a pair of small horns on your
                  | head. [demonic ancestry]
  1803 | D:2      | Reached XP level 3. HP: 24/26 MP: 6/6
  2283 | D:2      | Learned a level 3 spell: Vampiric Draining
  2290 | D:3      | Found a white marble altar of Elyvilon.
  2328 | D:3      | Found a faded altar of an unknown god.
  2422 | D:3      | Found a deep blue altar of Sif Muna.
  2464 | D:3      | Found a glowing drain.
  2540 | Sewer    | Entered a sewer
  2678 | Sewer    | Noticed Purgy
  2700 | Sewer    | HP: 2/40 [Purgy (1)]
  2701 | Sewer    | Slain by Purgy

Skill      XL: |  1  2 |
---------------+-------+-----
Fighting       | 1 |  1.7
Necromancy     | 5 |  5.5
Dodging        | |  1.7
Stealth        | |  1.7
Spellcasting   | |  2.0

Action                   || total
-------------------------++-------
Melee: Dagger            ||    48
       Headbutt          ||     2
Throw: Javelin           ||     5
 Cast: Pain              ||    49
       Animate Skeleton  ||     8
  Use: Scroll            ||     6
       Potion            ||     1
 Stab: Sleeping          ||     2
  Eat: Chunk             ||     5
       Ration            ||     1
Armor: Robe              ||    32
       Skin              ||    16
Dodge: Dodged            ||    46
